 Dungeon Crawl Stone Soup version 0.28-a0-1152-g9c71ebef14 (webtiles) character file.

Game seed: 5264396805246003291

144 SensoryNuts the Slasher (level 5, -1/39 HPs)
             Began as a Demonspawn Gladiator on Dec 14, 2021.
             Was an Initiate of Gozag.
             Killed from afar by Natasha (6 damage)
             ... with a magic dart
             ... on level 3 of the Dungeon.
             The game lasted 00:06:50 (2544 turns).

SensoryNuts the Slasher (Demonspawn Gladiator)      Turns: 2544, Time: 00:06:50

Health: -1/39      AC:  6    Str: 16    XL:     5   Next: 5%
Magic:  5/5        EV: 12    Int: 10    God:    Gozag
Gold:   147        SH:  0    Dex: 14    Spells: 4/4 levels left

rFire   + . .      SeeInvis .   j - +4 dagger (flame)
rCold   + . .      Faith    .   (no shield)
rNeg    . . .      Spirit   .   b - +0 leather armour
rPois   .          Reflect  .   c - +0 helmet
rElec   .          Harm     .   m - scarf {rC+ rF+}
rCorr   .          Rampage  .   (no gloves)
Will    .....                   (no boots)
Stlth   +.........              (no amulet)
HPRegen 0.13/turn               (no ring)
MPRegen 0.09/turn               (no ring)

@: slowed, very slow
A: thin metallic scales 1, powered by death 2
a: Renounce Religion, Potion Petition, Call Merchant, Bribe Branch


You were on level 3 of the Dungeon.
You worshipped Gozag.
Gozag was aware of your devotion.
You visited 1 branch of the dungeon, and saw 3 of its levels.

You collected 173 gold pieces.
You paid 26 gold pieces to Gozag.

Inventory:

Hand Weapons
 a - a +1 long sword
 e - a +4 quarterstaff of chaos
 j - a +4 dagger of flaming (weapon)
Missiles
 d - 3 throwing nets (quivered)
Armour
 b - a +0 leather armour (worn)
 c - a +0 helmet (worn)
 m - a scarf of resistance (worn)
Jewellery
 o - a +4 ring of evasion
Wands
 l - a wand of digging (4)
Potions
 f - a potion of magic
 i - 2 potions of ambrosia


   Skills:
 + Level 2.5 Fighting
 * Level 1.0(2.6) Short Blades
 + Level 3.8(3.9) Long Blades
 + Level 1.9 Throwing
 + Level 1.2 Armour
 + Level 3.3 Dodging
 + Level 0.7 Stealth


You had 4 spell levels left.
You didn't know any spells.
Your spell library contained the following spells:

 Spells                   Type           Power      Damage    Failure   Level
 Summon Small Mammal      Summ           0%         N/A       43%         1


Dungeon Overview and Level Annotations

Branches:
Dungeon (3/15)

Altars:
Gozag

Annotations:
D:3 Natasha


Innate Abilities, Weirdness & Mutations

You are partially covered in thin metallic scales. (AC +2)
You regenerate health from kills.


Message History

Natasha drinks a potion.
Natasha flickers and vanishes!
Deactivating autopickup; reactivate with Ctrl-A.
Something claws you.
You hear some strange, mumbled words.
A magic dart appears from out of thin air!
The magic dart hits you.
You miss something. Something claws you.
You hit something. You burn something.
The quokka is no longer distracted by gold.
Something claws you.
You hit the quokka. You burn the quokka.
The quokka is moderately wounded.
Something barely misses you. The quokka barely misses you.
You hear some strange, mumbled words.
A magic dart appears from out of thin air!
The magic dart hits you.
You are too injured to fight recklessly!
You are too injured to fight recklessly!
You are too injured to fight recklessly!
You are too injured to fight recklessly!
You are too injured to fight recklessly!
You are too injured to fight recklessly!
You closely miss something. The quokka bites you. Something claws you.
The quokka bites you.
Unknown command.
You closely miss something. The quokka closely misses you. Something claws you.
* * * LOW HITPOINT WARNING * * *
The quokka closely misses you. Something claws you but does no damage.
You barely miss something. The quokka barely misses you. Something claws you.
* * * LOW HITPOINT WARNING * * *
Okay, then.
You miss something. The quokka barely misses you. Something claws you.
* * * LOW HITPOINT WARNING * * *
The quokka completely misses you.
Unknown command.
You aren't carrying any scrolls.
A magic dart appears from out of thin air!
The magic dart hits you.
You die...
Your body crumbles into a pile of gold.

# #.#######
##...#...##
##.........##
#.....{r....#
........@...#
#.>.......<.#
...........##
##.......$..#
#...####....#
..## ###..#
.# ##.# .# .#


You could see a quokka.

Vanquished Creatures
  Crazy Yiuf (D:2)
  4 adders (D:2)
  An adder skeleton (D:2)
  A worm (D:2)
  3 dart slugs (D:1)
  8 ball pythons
  2 bat skeletons (D:2)
  10 endoplasms
  2 giant cockroaches (D:2)
  5 goblins
  4 hobgoblins (D:1)
  3 quokkas
  A ball python skeleton (D:2)
  10 bats
  3 frilled lizards
  A giant cockroach zombie (D:2)
  2 jackal zombies (D:2)
  3 kobolds
  6 rats
70 creatures vanquished.

Vanquished Creatures (others)
  A withered plant (D:2)
1 creature vanquished.

Grand Total: 71 creatures vanquished

Notes
Turn   | Place    | Note
-------+----------+-------------------------------------------
     0 | D:1      | SensoryNuts the Demonspawn Gladiator began the quest for
                  | the Orb.
     0 | D:1      | Reached XP level 1. HP: 16/16 MP: 1/1
   255 | D:1      | Gained mutation: You regenerate a little health from kills.
                  | [demonic ancestry]
   255 | D:1      | Reached XP level 2. HP: 13/22 MP: 2/2
   667 | D:1      | Reached XP level 3. HP: 26/27 MP: 3/3
  1469 | D:2      | Found a faded altar of an unknown god.
  1477 | D:2      | Got Plato's Grimoire of Calling
  1528 | D:2      | Gained mutation: You regenerate health from kills. [demonic
                  | ancestry]
  1528 | D:2      | Reached XP level 4. HP: 23/34 MP: 4/4
  1814 | D:2      | Found an opulent altar of Gozag.
  1831 | D:2      | Became a worshipper of Gozag Ym Sagoz the Greedy
  1837 | D:2      | Reached skill level 1 in Armour
  2035 | D:2      | Found a runed translucent door.
  2036 | D:2      | Noticed Crazy Yiuf
  2431 | D:2      | Killed Crazy Yiuf
  2432 | D:2      | Reached skill level 1 in Short Blades
  2432 | D:2      | Gained mutation: You are partially covered in thin metallic
                  | scales. (AC +2) [demonic ancestry]
  2432 | D:2      | Reached XP level 5. HP: 27/39 MP: 0/5
  2531 | D:3      | Noticed Natasha
  2544 | D:3      | Killed from afar by Natasha

Illustrated notes

Levels and vault maps discovered:
D:1:      minmay_arrival_nine_rooms, layout_loops_cross
D:2:      layout_basic, basic_altar, shapermc_ecumenical_altar_rom_forum,
          serial_undead, serial_undead_d, serial_undead_f, serial_undead_e,
          serial_undead_c, uniq_crazy_yiuf_cottage
D:3:      layout_rooms, lemuel_tele_altar, minmay_misc_feat_iff,
          serial_bayou_lagoon_a, uniq_ijyb, uniq_terence, uniq_natasha

Skill      XL: |  1  2  3  4 |
---------------+-------------+-----
Dodging        | 3 |  3.3
Long Blades    | 3 |  3.8
Armour         | 1 |  1.2
Short Blades   | 1 |  1.0
Fighting       | |  2.5
Throwing       | |  1.9
Stealth        | |  0.7

Action                   |  1- 3 |  4- 6 || total
-------------------------+-------+-------++-------
Melee: Long sword        |   102 |       ||   102
       Dagger            |    39 |    61 ||   100
  Use: Scroll            |     3 |     6 ||     9
       Potion            |       |     2 ||     2
 Stab: Sleeping          |     2 |     2 ||     4
Armor: Leather armour    |    56 |    17 ||    73
Dodge: Dodged            |   136 |    46 ||   182

Table legend: (Time is in decaauts)
 A = Elapsed time spent in this place.
 B = Non-inter-level travel time spent in this place.
 C = Inter-level travel time spent in this place.
 D = Time resting spent in this place.
 E = Time spent auto-exploring this place.
 F = Levels seen in this place.
 G = Mean time per level.
                   A        B        C        D        E       F      G
               +--------+--------+--------+--------+--------+-----+--------+
         Total |   2563 |   2507 |     56 |      0 |   1945 |   3 |  854.3 |
       Dungeon |   2563 |   2507 |     56 |      0 |   1945 |   3 |  854.3 |
               +--------+--------+--------+--------+--------+-----+--------+

Top non-repeatable levels by time:
     D:2: 1406 daAuts
     D:1: 1140 daAuts
     D:3: 16 daAuts
